 Dungeon Crawl Stone Soup version 0.31.0-11-ge490571c62 (webtiles) character file.

Game seed: 654065224496487799

2772 bearlyready the Grappler (level 9, 0/52 (53) HPs)
             Began as an Octopode Shapeshifter on Feb 4, 2024.
             Was an Initiate of Gozag.
             Shot with an arrow by a centaur (10 damage)
             ... on level 8 of the Dungeon.
             The game lasted 00:14:25 (7823 turns).

bearlyready the Grappler (Octopode Shapeshifter)    Turns: 7823, Time: 00:14:25

HP:   0/52 (53)     AC:  1    Str: 23    XL:     9   Next: 70%
MP:   9/9           EV: 13    Int: 12    God:    Gozag
Gold: 823           SH:  0    Dex: 18    Spells: 8/8 levels left

rFire   . .          .
                       - Unarmed
rCold   . . .        (no shield)
rNeg    . . .        (helmet currently unavailable)
rPois   .            (no amulet)
rElec   .            a - +6 ring of dexterity
rCorr   .            s - +6 ring of strength
SInv    .            j - ring of willpower
Will    ++...        k - ring of willpower
Stlth   ++++         (no ring)
HPRegen 0.28/turn    (no ring)
MPRegen 0.11/turn    (no ring)
                     (no ring)

%: no passive effects
@: beast-form, lightly drained
A: beast (slay +4), almost no armour, amphibious, 8 rings, camouflage 1,
gelatinous body 1, (nimble swimmer 1), tentacles
a: Begin Untransformation, Renounce Religion, Potion Petition, Call Merchant,
Bribe Branch


You were on level 8 of the Dungeon.
You worshipped Gozag.
Gozag was pleased with you.
You were a hulking beast.
You visited 2 branches of the dungeon, and saw 9 of its levels.

You collected 890 gold pieces.
You paid 67 gold pieces to Gozag.

Inventory:

Hand Weapons
 z - a +0 rapier of venom
Missiles
 g - a curare-tipped dart
 u - 2 throwing nets
 B - 5 poisoned darts
Jewellery
 a - a +6 ring of dexterity (left tentacle)
 j - a ring of willpower (on tentacle)
 k - a ring of willpower (on tentacle)
 s - a +6 ring of strength (right tentacle)
Talismans
 b - a beast talisman
 c - a flux talisman
Wands
 n - a wand of flame (6) (quivered)
 w - a wand of mindburst (7)
 y - a wand of polymorph (14)
Scrolls
 f - 4 scrolls of teleportation
 m - a scroll of vulnerability
 p - 2 scrolls of noise {unknown}
 q - 2 scrolls of enchant weapon
 r - a scroll of enchant armour
 t - 3 scrolls of immolation {unknown}
 v - a scroll of poison {unknown}
 x - a scroll of torment {unknown}
 A - 2 scrolls of identify
Potions
 d - a potion of berserk rage {unknown}
 h - 2 potions of curing
 i - a potion of might {unknown}
 l - a potion of degeneration {unknown}
 o - 2 potions of cancellation
 C - a potion of heal wounds


   Skills:
 - Level 1.0 Fighting
 - Level 2.0 Dodging
 - Level 6.0 Stealth
 + Level 8.8 Unarmed Combat
 - Level 4.1 Evocations
 + Level 8.1 Shapeshifting


You had 8 spell levels left.
You didn't know any spells.
Your spell library contained the following spells:

 Spells                   Type           Power      Damage    Failure   Level
 Magic Dart               Conj           0%         1d3       32%         1
 Shock                    Conj/Air       0%         1d3       32%         1
 Summon Small Mammal      Summ           0%         N/A       32%         1
 Searing Ray              Conj           0%         2d4       45%         2
 Swiftness                Air            0%         N/A       69%         3
 Airstrike                Air            0%         2d(0-16)  97%         4
 Fulminant Prism          Conj/Alch      0%         3d5       97%         4


Dungeon Overview and Level Annotations

Branches:
Dungeon (8/15)             Temple (1/1) D:5
   Lair: D:8-11

Altars:
Ashenzari
Cheibriados
Dithmenos
Elyvilon
Fedhas
Gozag
Hepliaklqana
Kikubaaqudgha
Makhleb
Okawaru
Qazlal
Ru
Sif Muna
Trog
Uskayaw
Vehumet
Wu Jian
Xom
Yredelemnul
The Shining One

Shops:
D:4 :

Annotations:
D:7 2 runed translucent doors, RancidPinata's ghost, weakling GrDe


Innate Abilities, Weirdness & Mutations

You are a hulking beast.
Your limbs bulge with bestial killing power. (Slay +4)
You cannot wear most types of armour.
You are amphibious.
You can wear up to eight rings at the same time.
Your skin changes colour to match your surroundings (Stealth+).
Your rubbery body absorbs attacks. (AC +1, EV +1)
((You are camouflaged when in or above water. (Stealth+)))
You have tentacles for arms and can constrict up to eight enemies at once.


Message History

Found a ring mail.
A wight comes into view. It is wielding a +1 battleaxe.
The wight moves out of view.
The centaur shouts!
The centaur barely misses you. The centaur kicks you.
A wight comes into view.
It is wielding a +3 great sword of freezing.
The centaur misses you. The centaur kicks you.
You bludgeon the centaur!
The centaur is moderately wounded.
The centaur misses you. The centaur kicks you.
A wight comes into view. It is wielding a +3 great sword.
You bludgeon the centaur!
The centaur is severely wounded.
The centaur hits you. The centaur completely misses you.
You closely miss the centaur. Your squeeze misses the centaur.
The centaur is severely wounded.
The centaur closely misses you. The centaur misses you. The centaur hits you.
The centaur kicks you.
The wight hits you with a +3 long sword.
You tentacle-slap the centaur.
The centaur is almost dead.
The centaur hits you. The centaur kicks you. The wight barely misses you.
The centaur wields a +0 shortbow.
The centaur shoots an arrow.
The arrow barely misses you.
The wight hits you with a +3 long sword!
* * * LOW HITPOINT WARNING * * *
The centaur shoots an arrow.
The arrow hits you.
* * * LOW HITPOINT WARNING * * *
The wight attacks as it pursues you!
The wight hits you with a +3 long sword.
* * * LOW HITPOINT WARNING * * *
You feel drained.
Blink to where?
Press: ? - help, Dir - move target
As you read the scroll of blinking, it crumbles to dust.
You see here 7 stones.
There is a stone staircase leading up here.
The centaur shoots an arrow.
The arrow hits you!
You die...
Your body crumbles into a pile of gold.

#######.........
###...#...........
..#...#..........
...............###.
..#................
..................#
.................#
.......zz(h.....# #
................#..
##...zc###.........
#......####........
###..#..# #>.......
###..#ยง.###........
#....z.......#.....
................##....
..........##...## ....


You could see a centaur and 3 wights.

Vanquished Creatures
  Sigmund (D:4)
  Eustachio (D:4)
  2 water moccasins
  Duvessa (D:4)
  2 ice beasts (D:6)
  An orc warrior (D:7)
  A black bear (D:6)
  2 sky beasts
  2 centaurs
  An ogre (D:5)
  A phantom (D:5)
  A kobold brigand (D:7)
  A bullfrog (D:6)
  2 scorpions
  Dowan (D:4)
  2 bombardier beetles
  3 hounds
  4 orc priests (D:5)
  3 jellies
  A sleepcap (D:6)
  3 iguanas
  6 orc wizards
  Robin (D:4)
  17 gnolls
  7 adders
  2 white imps (D:6)
  2 ufetubi (D:6)
  2 dart slugs
  A ribbon worm (D:5)
  10 orcs
  2 bats
  5 endoplasms
  8 giant cockroaches
  16 goblins
  9 hobgoblins
  3 jackals
  2 quokkas
  5 ball pythons
  A frilled lizard (D:1)
  17 kobolds
  4 rats
156 creatures vanquished.

Notes
Turn   | Place    | Note
-------+----------+-------------------------------------------
     0 | D:1      | bearlyready the Octopode Shapeshifter began the quest for
                  | the Orb.
     0 | D:1      | Reached XP level 1. HP: 13/13 MP: 1/1
   331 | D:1      | Reached XP level 2. HP: 12/18 MP: 2/2
   864 | D:2      | Reached XP level 3. HP: 23/23 MP: 3/3
  1248 | D:2      | Identified the +4 leather armour "Hibrey Meekh" {rN+}
  1406 | D:3      | HP: 1/23 [gnoll/+0 spear (7)]
  1653 | D:4      | Reached skill level 1 in Stealth
  1653 | D:4      | Reached XP level 4. HP: 28/28 MP: 4/4
  1718 | D:4      | Noticed Eustachio
  1853 | D:3      | Reached XP level 5. HP: 33/33 MP: 5/5
  2677 | D:4      | Noticed Dowan
  2677 | D:4      | Noticed Duvessa
  2688 | D:4      | Killed Dowan
  2690 | D:4      | Killed Duvessa
  2691 | D:4      | Reached XP level 6. HP: 14/38 MP: 6/6
  3138 | D:4      | Reached skill level 5 in Unarmed Combat
  3386 | D:4      | Noticed Robin
  3585 | D:4      | Killed Robin
  3586 | D:4      | Reached XP level 7. HP: 43/43 MP: 7/7
  3590 | D:4      | Noticed Sigmund
  3655 | D:4      | Killed Sigmund
  3656 | D:4      | Reached skill level 5 in Stealth
  3656 | D:4      | Reached skill level 5 in Shapeshifting
  3690 | D:4      | Found Hiaschyme's Book Emporium.
  3730 | D:5      | Entered Level 5 of the Dungeon
  3730 | D:5      | Found a staircase to the Ecumenical Temple.
  3739 | Temple   | Entered the Ecumenical Temple
  3749 | Temple   | Became a worshipper of Gozag Ym Sagoz the Greedy
  3888 | D:5      | Reached XP level 8. HP: 5/48 MP: 8/8
  4605 | D:5      | Found a shimmering blue altar of Sif Muna.
  4645 | D:5      | Found a hide-covered altar of Uskayaw.
  4838 | D:5      | Found an iron altar of Okawaru.
  4934 | D:5      | Got Sif Muna's Anthology of the Mob
  5269 | D:6      | Reached XP level 9. HP: 45/53 MP: 9/9
  5273 | D:6      | Reached skill level 1 in Evocations
  5570 | D:6      | Found a shimmering altar of Xom.
  6168 | D:4      | Killed Eustachio
  6774 | D:7      | Found a runed translucent door.
  6775 | D:7      | Noticed RancidPinata's ghost (weakling GrDe)
  7092 | D:7      | Noticed a torpor snail
  7093 | D:7      | Found a snail-covered altar of Cheibriados.
  7094 | D:7      | Noticed a torpor snail
  7094 | D:7      | Noticed a torpor snail
  7149 | D:7      | Found a runed translucent door.
  7165 | D:7      | Found a stormy altar of Qazlal.
  7823 | D:8      | Shot with an arrow by a centaur

Illustrated notes

Levels and vault maps discovered:
D:1:      dpeg_arrival_lava_temple_mockup, layout_basic, bh_walls_and_bars
D:2:      layout_basic
D:3:      layout_loops_corners, dreamdust_mushroom_princess
D:4:      layout_basic, serial_shops, nicolae_shop_pleasant_corner_grove,
          uniq_eustachio, uniq_robin, uniq_duvessa, uniq_sigmund
D:5:      minmay_skewed_foursquare, layout_rooms, led_sif_book,
          gammafunk_temple_overflow_statue, minmay_temple_entry_proselytizer
D:6:      layout_cave_pools, lemuel_coloured_pillars_altar, minmay_puff
D:7:      layout_basic, mainiacjoe_overflow_chevrons, cheibriados_altar_2,
          ebering_ghost_reflecting_pool, lightli_church_of_beogh
D:8:      layout_cave_pools, minmay_misc_feat_roman, due_unseen_surprise
Temple:   nicolae_temple_two_arcs

Skill      XL: |  1  2  3  4  5  6  7  8  9 |
---------------+----------------------------+-----
Stealth        | 1 2 4 6 |  6.0
Unarmed Combat | 4 5 6 7 8 |  8.8
Shapeshifting  | 4 5 7 8 |  8.1
Evocations     | 4 |  4.1
Fighting       | |  1.0
Dodging        | |  2.0

Action                     |  1- 3 |  4- 6 |  7- 9 || total
---------------------------+-------+-------+-------++-------
  Melee: Unarmed           |    58 |    62 |   130 ||   250
         Tentacles         |    12 |    13 |    45 ||    70
         Constrict         |    14 |    23 |    51 ||    88
         Punch             |     5 |     2 |     7 ||    14
         Rapier            |       |       |    37 ||    37
  Throw: Javelin           |       |     5 |     7 ||    12
         Boomerang         |       |     6 |     5 ||    11
  Evoke: Wand              |       |     6 |     8 ||    14
    Use: Potion            |     1 |     1 |     3 ||     5
         Scroll            |       |     3 |     7 ||    10
   Stab: Sleeping          |    10 |     7 |    11 ||    28
         Distracted        |       |     1 |     2 ||     3
 Armour: Skin              |    18 |    47 |   108 ||   173
  Dodge: Dodged            |    32 |    28 |   103 ||   163
